 Dungeon Crawl Stone Soup version 0.30.1-9-gdf580d7c3d (webtiles) character file.

Game seed: 9313336757483863547

168 Peloso the Covered (level 5, -4/47 HPs)
             Began as a Minotaur Fighter on Sept 29, 2023.
             Slain by an ogre
             ... wielding a +0 giant club
              (12 damage)
             ... on level 4 of the Dungeon.
             The game lasted 00:04:42 (2344 turns).

Peloso the Covered (Minotaur Fighter)               Turns: 2344, Time: 00:04:42

Health: -4/47      AC: 11    Str: 20      XL:     5   Next: 23%
Magic:  4/4        EV:  8    Int:  4 (5)  God:
Gold:   178        SH:  4    Dex: 11 (12) Spells: 4/4 levels left

rFire   . . .        a - +0 long sword
rCold   . . .        d - +0 buckler
rNeg    . . .        o - +0 chain mail
rPois   .            (helmet restricted)
rElec   .            (no cloak)
rCorr   .            c - +0 pair of gloves
SInv    .            (no boots)
Will    .....        (no amulet) Stlth
                     (no ring)
HPRegen 0.27/turn    (no ring)
MPRegen 0.09/turn

%: no passive effects
@: no status effects
A: horns 2, retaliatory headbutt
a: no special abilities


You were on level 4 of the Dungeon.
You visited 1 branch of the dungeon, and saw 4 of its levels.

You collected 178 gold pieces.

Inventory:

Hand Weapons
 a - a +0 long sword (weapon)
Armour
 b - the +0 ring mail of Words of Power {+Blink rElec Str+2 Stlth+}
   (You found it on level 2 of the Dungeon)

   Str:       It affects your strength (+2).
   rElec:     It insulates you from electricity.
   +Blink:    It lets you blink.
   Stlth:     It makes you more stealthy.
 c - a +0 pair of gloves (worn)
 d - a +0 buckler (worn)
 o - a +0 chain mail (worn)
Scrolls
 e - a scroll of noise {unknown}
 f - 3 scrolls of enchant weapon {unknown}
 h - a scroll of fear {unknown}
 k - 4 scrolls of identify {unknown}
 m - a scroll of magic mapping {unknown}
 p - a scroll of amnesia {unknown}
Potions
 g - a potion of curing {unknown}
 i - a potion of haste {unknown}
 j - a potion of lignification
 l - a potion of might
 n - a potion of mutation {unknown}


   Skills:
 + Level 4.8 Fighting
 + Level 4.1 Long Blades
 + Level 4.9 Armour
 + Level 0.6 Dodging
 + Level 0.3 Stealth
 + Level 4.0 Shields


You had 4 spell levels left.
You didn't know any spells.
Your spell library contained the following spells:

 Spells                   Type           Power      Damage    Failure   Level
 Freeze                   Ice            0%         1d3       99%         1
 Shock                    Conj/Air       0%         1d3       99%         1
 Ensorcelled Hibernation  Hex/Ice        0%         N/A       100%        2
 Frozen Ramparts          Ice            0%         1d1       100%        3
 Hailstorm                Conj/Ice       0%         3d3       100%        3
 Ignite Poison            Fire/Tmut/Pois 0%         N/A       100%        3
 Inner Flame              Hex/Fire       0%         N/A       100%        3
 Spider Form              Tmut/Pois      0%         N/A       100%        3
 Swiftness                Air            0%         N/A       100%        3
 Volatile Blastmotes      Fire/Tloc      0%         2d10      100%        3
 Airstrike                Air            0%         2d(0-16)  100%        4
 Anguish                  Hex/Necr       0%         N/A       100%        4
 Blade Hands              Tmut           0%         N/A       100%        5
 Irradiate                Conj/Tmut      0%         3d11      100%        5
 Plasma Beam              Fire/Air       0%         2x1d11    100%        6
 Dragon Form              Tmut           0%         N/A       100%        7


Dungeon Overview and Level Annotations

Branches:
Dungeon (4/15)
 Temple: D:4-7

Altars:
Vehumet

Shops:
D:1 *   D:2 :


Innate Abilities, Weirdness & Mutations

You have a pair of horns on your head.
You reflexively headbutt those who attack you in melee.


Message History

The endoplasm freezes you.
You are frozen.
You see here a giant cockroach corpse.
The endoplasm freezes you.
You are frozen.
You hit the endoplasm.
The endoplasm is moderately wounded.
The endoplasm closely misses you.
You hit the endoplasm. You headbutt the endoplasm.
You kill the endoplasm!
HP restored.
Found a hat.
An ogre comes into view. It is wielding a +0 giant club.
The ogre shouts!
An ogre is nearby!
You aren't carrying any items that you can evoke.
Unknown command.
You aren't carrying any items that you can evoke.
Unknown command.
Found an escape hatch in the floor.
You hit the ogre.
The ogre is lightly wounded.
The ogre hits you with a +0 giant club!
You hit the ogre.
The ogre is moderately wounded.
The ogre hits you with a +0 giant club!!
* * * LOW HITPOINT WARNING * * *
You hit the ogre but do no damage.
The ogre is moderately wounded.
The ogre barely misses you.
You closely miss the ogre.
The ogre is moderately wounded.
You hit the ogre.
The ogre is moderately wounded.
The ogre hits you with a +0 giant club!
* * * LOW HITPOINT WARNING * * *
You hit the ogre.
The ogre is heavily wounded.
The ogre hits you with a +0 giant club!
You die...

##...## ###
######....^######..
#.................#
..
..###.......###.###
#.[.#####.......#
#.##
#............##
#..##
#####.#.......#
##... #..#.......#
#... #@##.......#
##.†
#......O###.....##
##.# #.......#
##...######..#
#........
...........##
#.......#
##############
#.......# #.
#.......# #)
#.....>.# ######.
#......


You could see an ogre.

Vanquished Creatures
  Terence (D:3)
  2 adders (D:2)
  4 gnolls
  2 worms (D:3)
  A dart slug (D:1)
  An orc (D:4)
  4 bats
  5 endoplasms
  5 giant cockroaches
  11 goblins
  8 hobgoblins
  3 jackals (D:1)
  4 quokkas (D:1)
  8 ball pythons
  5 frilled lizards
  8 kobolds
  7 rats
79 creatures vanquished.

Notes
Turn   | Place    | Note
-------+----------+-------------------------------------------
     0 | D:1      | Peloso the Minotaur Fighter began the quest for the Orb.
     0 | D:1      | Reached XP level 1. HP: 19/19 MP: 0/0
   160 | D:1      | Reached XP level 2. HP: 27/27 MP: 1/1
   303 | D:1      | Reached XP level 3. HP: 34/34 MP: 2/2
   311 | D:1      | Found Basoxkokk's General Store.
   628 | D:2      | Got the Elucidation of Calefaction
   758 | D:2      | Reached XP level 4. HP: 41/41 MP: 3/3
   787 | D:2      | Found Ekicuro's Book Emporium.
   804 | D:2      | Identified the +0 ring mail of Words of Power {+Blink rElec
                  | Str+2 Stlth+}
  1479 | D:3      | Noticed Terence
  1490 | D:3      | Killed Terence
  1592 | D:3      | Found a radiant altar of Vehumet.
  2125 | D:3      | Reached XP level 5. HP: 23/47 MP: 4/4
  2334 | D:4      | Noticed an ogre
  2344 | D:4      | Slain by an ogre

Illustrated notes

Levels and vault maps discovered:
D:1:      scummos_arrival_checkerplants, layout_rooms, serial_curves,
          eino_curves_02, eino_curves_02, serial_shops,
          nicolae_shop_rolling_square
D:2:      layout_rooms, serial_shops, nicolae_shop_stone
D:3:      layout_basic, nicolae_vehumet_altar_sigil, serial_bayou,
          serial_bayou_ford_a, serial_bayou_shore_b, serial_bayou_pond_e,
          serial_bayou_lagoon_a, serial_bayou_lake_a, uniq_terence
D:4:      layout_rooms, regret_index_temple_of_mockery, grunt_ministairs_4

Skill      XL: |  1  2  3  4  5 |
---------------+----------------+-----
Fighting       | 4 |  4.8
Armour         | 4 |  4.9
Long Blades    | 3 4 |  4.1
Shields        | 4 |  4.0
Dodging        | |  0.6
Stealth        | |  0.3

Action                     |  1- 3 |  4- 6 || total
---------------------------+-------+-------++-------
  Melee: Long sword        |    81 |    74 ||   155
         Headbutt          |    14 |    17 ||    31
    Use: Potion            |       |     5 ||     5
   Stab: Sleeping          |       |     1 ||     1
 Armour: Scale mail        |    32 |     1 ||    33
         Chain mail        |       |    25 ||    25
         Ring mail         |       |    11 ||    11
  Dodge: Dodged            |    40 |    31 ||    71
  Block: Buckler           |    27 |    21 ||    48
